 Dungeon Crawl Stone Soup version 0.31-a0-845-g9abc20d24f (webtiles) character file.

Game seed: 11889562423227502610

14 Danienth the Chopper (level 2, -2/27 HPs)
             Began as a Hill Orc Monk on Oct 2, 2023.
             Slain by Terence
             ... wielding a +0 hand axe
              (5 damage)
             ... on level 2 of the Dungeon.
             The game lasted 00:01:20 (416 turns).

Danienth the Chopper (Hill Orc Monk)                 Turns: 416, Time: 00:01:21

Health: -2/27      AC:  2    Str: 13    XL:     2   Next: 45%
Magic:  2/2        EV: 12    Int: 10    God:
Gold:   33         SH:  0    Dex: 13    Spells: 1/1 levels left

rFire   + . .        a - +1 hand axe
rCold   . . .        d - orb {light}
rNeg    . . .        b - +0 robe
rPois   .            (no helmet)
rElec   .            (no cloak)
rCorr   .            (no gloves)
SInv    .            (no boots)
Will    .....        (no amulet)
Stlth   +            e - ring of protection from fire
HPRegen 0.24/turn    (no ring)
MPRegen 0.08/turn

%: no passive effects
@: glowing
A: no striking features
a: no special abilities


You were on level 2 of the Dungeon.
You visited 1 branch of the dungeon, and saw 2 of its levels.

You collected 33 gold pieces.

Inventory:

Hand Weapons
 a - a +1 hand axe (weapon)
Armour
 b - a +0 robe (worn)
 d - an orb of light (worn)
Jewellery
 e - a ring of protection from fire (left hand)
Scrolls
 h - a scroll of noise {unknown}
 i - a scroll of vulnerability {unknown}


   Skills:
 + Level 4.0 Fighting
 + Level 4.3 Axes
 + Level 2.6 Dodging


You had one spell level left.
You didn't know any spells.
Your spell library was empty.

Dungeon Overview and Level Annotations

Branches:
Dungeon (2/15)

Altars:

Annotations:
D:2 Terence


Message History

Press: ? - help, Dir - move target, f - Terence
Aim: Terence, wielding a +0 hand axe and wearing a +0 chain mail (lightly wounded, haloed, about 13% to evade your +0 hand axe)
You hit Terence but do no damage.
Terence is lightly wounded.
Terence hits you with a +0 hand axe.
* * * LOW HITPOINT WARNING * * *
You are confused.
You feel invigorated. Terence hits you with a +0 hand axe.
* * * LOW HITPOINT WARNING * * *
You hit Terence but do no damage.
Terence is lightly wounded.
Terence hits you with a +0 hand axe.
You're too confused to move!
Terence hits you with a +0 hand axe. Terence hits you with a +0 hand axe.
You hit Terence but do no damage.
Terence is lightly wounded.
Terence hits you with a +0 hand axe.
You hit Terence but do no damage.
Terence is lightly wounded.
Terence misses you.
You're too confused to move!
You feel less invigorated.
You feel less confused. Terence hits you with a +0 hand axe.
You hit Terence but do no damage. Terence hits you with a +0 hand axe.
Cleave: a) +0 hand axe
Press: ? - help, Dir - move target, f/p - Terence
Aim: Terence, wielding a +0 hand axe and wearing a +0 chain mail (haloed, about 13% to evade your +0 hand axe)
You hit Terence.
Terence is moderately wounded.
Terence hits you with a +0 hand axe. Terence hits you with a +0 hand axe!
* * * LOW HITPOINT WARNING * * *
You aren't carrying any potions.
As you read the scroll labelled HAOCURUIRU, it crumbles to dust.
It is a scroll of enchant weapon.
Your +0 hand axe glows red for a moment.
Terence closely misses you.
As you read the scroll labelled ISCHEL UZXI, it crumbles to dust.
It is a scroll of amnesia.
You feel forgetful for a moment. Terence hits you with a +0 hand axe.
You die...

#### #...## ####
###.....##
#...####.@......#
#........@.......
#...#..#.........
#.#......†......
#......†.....(..
...#...###.....#.
# ##.## .......
#.# .#>.... #.#
.###.#.


You could see Terence.

Vanquished Creatures
  A worm (D:2)
  A ball python (D:2)
  A bat (D:2)
  An endoplasm (D:1)
  A goblin (D:1)
  2 hobgoblins (D:1)
  A quokka (D:1)
  A frilled lizard (D:2)
  2 kobolds
11 creatures vanquished.

Notes
Turn   | Place    | Note
-------+----------+-------------------------------------------
     0 | D:1      | Danienth the Hill Orc Monk began the quest for the Orb.
     0 | D:1      | Reached XP level 1. HP: 19/19 MP: 1/1
   130 | D:1      | Reached XP level 2. HP: 27/27 MP: 2/2
   389 | D:2      | Noticed Terence
   416 | D:2      | Slain by Terence

Illustrated notes

Levels and vault maps discovered:
D:1:      matt_arrival_refuge, layout_loops_cross
D:2:      layout_loops_corners, serial_shops, nicolae_shop_rolled_up,
          uniq_terence

Skill      XL: |  1  2 |
---------------+-------+-----
Fighting       | 4 |  4.0
Axes           | |  4.3
Dodging        | |  2.6

Action                     || total
---------------------------++-------
  Melee: Hand axe          ||    40
    Use: Scroll            ||     2
         Potion            ||     1
 Armour: Robe              ||    25
  Dodge: Dodged            ||    21

Table legend: (Time is in decaauts)
 A = Elapsed time spent in this place.
 B = Non-inter-level travel time spent in this place.
 C = Inter-level travel time spent in this place.
 D = Time resting spent in this place.
 E = Time spent auto-exploring this place.
 F = Levels seen in this place.
 G = Mean time per level.
                   A        B        C        D        E       F      G
               +--------+--------+--------+--------+--------+-----+--------+
         Total |    418 |    406 |     12 |      0 |    314 |   2 |  209.0 |
       Dungeon |    418 |    406 |     12 |      0 |    314 |   2 |  209.0 |
               +--------+--------+--------+--------+--------+-----+--------+

Top non-repeatable levels by time:
     D:2: 277 daAuts
     D:1: 140 daAuts
